 Dungeon Crawl Stone Soup version 0.29.1-15-g9cfb28693d (webtiles) character file.

Game seed: 9379140474218115573

2 croobank the Sneak (level 1, -2/16 HPs)
             Began as an Octopode Delver on Feb 23, 2023.
             Killed by nerve-wracking pain
             ... invoked by an orc priest
              (4 damage)
             ... on level 6 of the Dungeon.
             The game lasted 00:00:51 (272 turns).

croobank the Sneak (Octopode Delver)                 Turns: 272, Time: 00:00:52

Health: -2/16      AC:  1    Str: 11    XL:     1   Next: 30%
Magic:  1/1        EV: 13    Int: 12    God:
Gold:   82         SH:  0    Dex: 13    Spells: 0/0 levels left

rFire   . . .      SeeInvis .   a - +0 hand axe
rCold   . . .      Faith    .   (no shield)
rNeg    . . .      Spirit   .   (helmet restricted)
rPois   .          Reflect  .   (no amulet)
rElec   .          Harm     .   (no ring)
rCorr   .          Rampage  .   (no ring)
Will    .....                   (no ring)
Stlth   ++++......              (no ring)
HPRegen 0.05/turn               (no ring)
MPRegen 0.07/turn               (no ring)
                                (no ring)
                                (no ring)

@: hasted, very quick
A: almost no armour, amphibious, 8 rings, camouflage 1, gelatinous body 1,
(nimble swimmer 1), tentacles
a: no special abilities


You were on level 6 of the Dungeon.
You visited 1 branch of the dungeon, and saw 2 of its levels.

You collected 82 gold pieces.

Inventory:

Hand Weapons
 a - a +0 hand axe (weapon)
Wands
 f - a wand of digging (3)
Scrolls
 b - a scroll of fog
 c - a scroll of magic mapping
 h - 2 scrolls of identify {unknown}
 i - a scroll of amnesia {unknown}
 j - a scroll of enchant weapon {unknown}
Potions
 g - 2 potions of curing {unknown}


   Skills:
 + Level 3.0 Fighting
 + Level 2.0 Axes
 + Level 2.0 Dodging
 + Level 6.6 Stealth


You couldn't memorise any spells.
You didn't know any spells.
Your spell library was empty.

Dungeon Overview and Level Annotations

Branches:
Dungeon (6/15)
 Temple: D:4-7

Altars:


Innate Abilities, Weirdness & Mutations

You cannot wear most types of armour.
You are amphibious.
You can wear up to eight rings at the same time.
Your skin changes colour to match your surroundings (Stealth+).
Your rubbery body absorbs attacks. (AC +1, EV +1)
((You are camouflaged when in or above water. (Stealth+)))
You have tentacles for arms and can constrict up to eight enemies at once.


Message History

Your attack snaps the orc priest out of its fear.
You grab the orc priest.
You tentacle-slap the orc priest, but do no damage.
You constrict the orc priest, but do no damage.
An orc comes into view. It is wielding a +0 flail.
The orc priest hits you with a +2 vorpal hand axe.
The orc wizard casts a spell.
The orc wizard flickers and vanishes!
Deactivating autopickup; reactivate with Ctrl-A.
You hit the orc priest.
The orc priest is lightly wounded.
You constrict the orc priest, but do no damage.
The orc priest looks encouraged for a moment.
You hit the orc priest.
The orc priest is lightly wounded.
You constrict the orc priest, but do no damage.
The orc priest closely misses you.
You hit the orc priest but do no damage.
The orc priest is lightly wounded.
You constrict the orc priest, but do no damage.
You hit the orc priest but do no damage.
You squeeze the orc priest, but do no damage.
The orc priest is lightly wounded.
You constrict the orc priest.
The orc priest looks encouraged for a moment.
You hit the orc priest but do no damage.
The orc priest is lightly wounded.
You hit the orc but do no damage. You constrict the orc priest.
The orc hits you with a +0 flail!
Ouch! That really hurt!
* * * LOW HITPOINT WARNING * * *
The orc priest closely misses you.
You barely miss the orc. Your grab misses the orc.
You hit the orc priest but do no damage.
You constrict the orc priest, but do no damage.
The orc hits you with a +0 flail.
* * * LOW HITPOINT WARNING * * *
The orc priest mumbles some strange prayers to Beogh against you.
Pain shoots through your body!
You die...

#.# #.# #.# #.#
#.###########
#...........#
###########.#
#######.####
#..>...@...#
#.#####oo......
.........
..........
##.###.#### ..
.# ## .#


You could see an orc priest and an orc.

Vanquished Creatures
  An orc (D:6)
1 creature vanquished.

Notes
Turn   | Place    | Note
-------+----------+-------------------------------------------
     0 | D:5      | croobank the Octopode Delver began the quest for the Orb.
     0 | D:5      | Reached XP level 1. HP: 16/16 MP: 1/1
    31 | D:6      | Noticed a hound
    69 | D:6      | Noticed a centaur
    70 | D:6      | Noticed a centaur
    71 | D:6      | Noticed a yak
   143 | D:6      | Noticed a water moccasin
   163 | D:6      | Noticed an orc priest
   262 | D:6      | Noticed an orc wizard
   263 | D:6      | Noticed an iguana
   272 | D:6      | Killed from afar by an orc priest

Illustrated notes

Levels and vault maps discovered:
D:5:      layout_basic, amcnicky_altar_gilded, chequers_serial_rivers_micro_c
D:6:      layout_loops_ring, centaur_isle, uniq_prince_ribbit1

Action                   || total
-------------------------++-------
Melee: Hand axe          ||     9
       Constrict         ||     2
       Tentacles         ||     2
       Punch             ||     1
  Use: Scroll            ||     1
       Potion            ||     1
 Stab: Fleeing           ||     1
Armor: Skin              ||     1
Dodge: Dodged            ||     4
